 Dungeon Crawl Stone Soup version 0.25-b1-46-gb8a1ec05df (webtiles) character file.

Game seed: 2881064964720317814

278 Chiseanne the Skirmisher (level 6, -1/49 HPs)
             Began as a Demonspawn Wanderer on June 9, 2020.
             Succumbed to an orc wizard's poison
             ... on level 5 of the Dungeon.
             The game lasted 00:10:56 (3893 turns).

Chiseanne the Skirmisher (Demonspawn Wanderer)      Turns: 3893, Time: 00:10:57

Health: -1/49      AC:  8    Str: 13    XL:     6   Next: 5%
Magic:  4/7        EV: 12    Int: 14    God:
Gold:   105        SH:  5    Dex: 13    Spells: 5/5 levels left

rFire    . . .     SeeInvis .   a - +3 mace
rCold    . . .     Gourm    .   (no shield)
rNeg     . . .     Faith    .   j - +0 ring mail
rPois    .         Spirit   +   e - +0 hat
rElec    .         Reflect  +   (no cloak)
rCorr    .         Harm     .   (no gloves)
MR       .....                  (no boots)
Stlth    +.........             l - amulet of reflection
HPRegen  0.16/turn              (no ring)
MPRegen  0.20/turn              (no ring)

@: lethally poisoned (-1 -> -30), very slightly contaminated
A: icy blue scales 2, magic shield, magic regeneration
a: no special abilities


You were on level 5 of the Dungeon.
You were hungry.

You visited 1 branch of the dungeon, and saw 6 of its levels.

You collected 105 gold pieces.

Inventory:

Hand Weapons
 a - a +3 mace (weapon)
 c - a +0 shortbow
Missiles
 d - 65 arrows
 h - 3 throwing nets
 i - 11 sling bullets
 o - 12 poisoned darts (quivered)
Armour
 e - a +0 hat (worn)
 j - a +0 ring mail (worn)
Jewellery
 l - an amulet of reflection (around neck)
Wands
 b - a wand of enslavement (8)
Scrolls
 n - a scroll of magic mapping
 p - a scroll of remove curse
Potions
 k - a potion of haste
 m - a potion of flight
 q - a potion of brilliance
Comestibles
 f - 4 rations


   Skills:
 * Level 4.6 Fighting
   Level 1.0 Short Blades
 - Level 1.7 Bows
 * Level 2.9 Armour
 * Level 3.2 Dodging
 - Level 1.0 Stealth
 - Level 2.0 Evocations


You had 5 spell levels left.
You didn't know any spells.
Your spell library was empty.

Dungeon Overview and Level Annotations

Branches:
Dungeon (6/15)
 Temple: D:4-7

Altars:
Dithmenos
Zin
The Shining One

Annotations:
D:5 Menkaure


Innate Abilities, Weirdness & Mutations

You are mostly covered in icy blue scales. (AC +3)
When hurt, damage is shared between your health and your magic reserves.
You regenerate magic rapidly.


Message History

You feel very sick.
The shadow imp dies!
You see here a scroll labeled HEUT DUMNYUQYB.
g - a scroll labeled HEUT DUMNYUQYB
* * * LOW HITPOINT WARNING * * *
You feel very sick.
Okay, then.
As you read the scroll of fear, it crumbles to dust.
You assume a fearsome visage.
Nothing appears to happen.
* * * LOW HITPOINT WARNING * * *
You feel very sick.
Blink to where?
Press: ? - help, Dir - move target cursor You are very lightly contaminated with residual magic.
As you read the scroll labeled HEUT DUMNYUQYB, it crumbles to dust.
It was a scroll of blinking.
* * * LOW HITPOINT WARNING * * *
You feel sick.
You feel a little less clever now.
You die...

**+***,,,,,,,,,,*****,,*,,,,,,,
*,,,<*,,,,,.....#,,,,,,*,,,,,,,
*,,,,*,,,,,,....+,,,,,,*,,>,,,,
******+*,,,,,,....######**,,,,,,,
*,,,,,,,,,,*+*#.........,,,,,,,,,
*,,,,,,,,,,*,,+.........,,,,,,,,,
*,,,,,,,,,,*,,#.......).,,,,,,,,,
*,,,,,,,,,,*###.........,,,,,,,,,
***,,,,,#####...@#+*****+*,,,,,,,
*,,,,,#...#..[.#,,,,,,,*,,,,,,,
*,,,,,#..,+....#,,,,,,,+,,,,,,,
***,,,,,#.###....#,****,,*,,,,,,,
,,,**+###.#....###,****,,*,,,,,,,
,,,*,,#..$#....#,,,,,,,,,*,,,,,,,
,,,*,,#.>.'..o.#,,,,,,,,,*,,,,,,,
,,,***#####..ยง.#**********,,,,,,,
**** ###### ********


You could see a friendly orc wizard (charmed, fast).

Vanquished Creatures
  A bullfrog zombie (D:6)
  An orc wizard (D:2)
  An orc priest (D:3)
  2 worker ants (D:4)
  3 gnolls
  4 adders
  An ooze (D:4)
  A worm (D:4)
  3 leopard geckos
  3 orcs (D:2)
  A ball python (D:1)
  3 giant cockroaches
  5 goblins
  4 hobgoblins
  7 jackals
  3 kobolds (D:1)
  A quokka (D:4)
  2 bats (D:1)
  A frilled lizard (D:1)
  2 rats (D:1)
49 creatures vanquished.

Vanquished Creatures (collateral kills)
  A shadow imp (D:5)
1 creature vanquished.

Vanquished Creatures (others)
  An orc wizard (D:6)
1 creature vanquished.

Grand Total: 51 creatures vanquished

Notes
Turn   | Place    | Note
-------+----------+-------------------------------------------
     0 | D:1      | Chiseanne the Demonspawn Wanderer began the quest for the
                  | Orb.
     0 | D:1      | Chiseanne set off with the following items: a +0 mace, a
                  | wand of enslavement (15), a +0 shortbow, 26 arrows, a +0
                  | robe, a ration
     0 | D:1      | Reached XP level 1. HP: 18/18 MP: 2/2
   104 | D:2      | Found a glowing golden altar of the Shining One.
   148 | D:2      | Found a faded altar of an unknown god.
   201 | D:2      | Gained mutation: When hurt, damage is shared between your
                  | health and your magic reserves. [demonic ancestry]
   201 | D:2      | Reached XP level 2. HP: 7/24 MP: 3/3
   204 | D:2      | HP: 1/24 [hobgoblin/+0 club (1)]
   339 | D:1      | Reached skill level 1 in Armour
   673 | D:1      | Reached XP level 3. HP: 19/29 MP: 2/4
  1186 | D:3      | HP: 1/29 [gnoll (1)]
  1652 | D:4      | Gained mutation: You regenerate magic rapidly. [demonic
                  | ancestry]
  1652 | D:4      | Reached XP level 4. HP: 30/37 MP: 5/5
  2094 | D:2      | Reached skill level 4 in Fighting
  2602 | D:3      | Gained mutation: You are partially covered in icy blue
                  | scales. (AC +2) [demonic ancestry]
  2602 | D:3      | Reached XP level 5. HP: 25/42 MP: 2/6
  2919 | D:4      | Found a glowing silver altar of Zin.
  2919 | D:4      | Found a shadowy altar of Dithmenos.
  3723 | D:5      | Entered Level 5 of the Dungeon
  3758 | D:5      | Noticed Menkaure
  3824 | D:6      | Noticed an orc warrior
  3867 | D:6      | Gained mutation: You are mostly covered in icy blue scales.
                  | (AC +3) [demonic ancestry]
  3867 | D:6      | Reached XP level 6. HP: 26/49 MP: 2/7
  3892 | D:5      | HP: 2/49 [poisoned by an orc wizard]
  3893 | D:5      | Succumbed to an orc wizard's poison

Illustrated notes

Levels and vault maps discovered:
D:1:      co_arrival_random_square_maze, layout_rooms, minmay_misc_feat_columns
D:2:      layout_loops_ring, makhleb_blood_cavern_becter, lemuel_doored_altar,
          chequers_ecumenical_altar_simple_redux, nrook_campfire
D:3:      layout_basic, first_ration
D:4:      layout_rooms, gammafunk_temple_overflow_pools
D:5:      layout_gridville, uniq_blork_the_orc, uniq_menkaure
D:6:      layout_loops_corners, minmay_statues_item, minmay_misc_feat_cross,
          lightli_corner_chamber, uniq_pikel, uniq_duvessa

Skill      XL: |  1  2  3  4  5 |
---------------+----------------+-----
Armour         | 1 2 |  2.9
Dodging        | 2 3 |  3.2
Fighting       | 4 |  4.6
Short Blades   | |  1.0
Bows           | |  1.7
Stealth        | |  1.0
Evocations     | |  2.0

Action                   |  1- 3 |  4- 6 || total
-------------------------+-------+-------++-------
Melee: Mace              |   113 |   105 ||   218
Throw: Dart              |    12 |     5 ||    17
Evoke: Wand              |       |     7 ||     7
  Use: Potion            |     1 |     3 ||     4
       Scroll            |     3 |    10 ||    13
 Stab: Sleeping          |     1 |       ||     1
  Eat: Chunk             |     2 |     7 ||     9
Armor: Leather armour    |    29 |       ||    29
       Ring mail         |     6 |    69 ||    75
Dodge: Dodged            |    78 |    86 ||   164
Block: Other             |       |     6 ||     6
